 Dungeon Crawl Stone Soup version 0.26.1-11-gd32895ea62 (webtiles) character file.

Game seed: 10112687319558462038

10577 Zeld the Geomancer (level 11, -5/54 HPs)
             Began as a Gargoyle Earth Elementalist on June 6, 2021.
             Was a Believer of Sif Muna.
             Slain by an unseen horror (8 damage)
             ... on level 10 of the Dungeon.
             The game lasted 00:15:16 (13762 turns).

Zeld the Geomancer (Gargoyle Earth Elementalist)   Turns: 13762, Time: 00:15:16

Health: -5/54      AC: 17    Str: 12    XL:     11   Next: 64%
Magic:  22/32      EV: 15    Int: 24    God:    Sif Muna [**....]
Gold:   357        SH:  0    Dex: 10    Spells: 10/25 levels left

rFire    . . .     SeeInvis .   a - +11 quarterstaff of Matzi {vamp, Stlth+}
rCold    . . .     Faith    .   (shield currently unavailable)
rNeg     + . .     Spirit   .   c - +0 robe
rPois    ∞         Reflect  .   F - +3 hat of Pondering {ponderous, Will+ MP+10 Int+5}
rElec    +         Harm     .   p - +1 cloak
rCorr    .         Rampage  .   D - +0 pair of gloves
Will     +....                  L - +0 pair of boots
Stlth    +++.......             (no amulet)
HPRegen  0.18/turn              (no ring)
MPRegen  0.23/turn              (no ring)

@: slow
A: negative energy resistance 1, electricity resistance, unbreathing,
petrification resistance, miasma immunity, AC +8
a: Renounce Religion, Channel Magic


You were on level 10 of the Dungeon.
You worshipped Sif Muna.
Sif Muna was pleased with you.
You visited 2 branches of the dungeon, and saw 11 of its levels.

You collected 553 gold pieces.
You spent 196 gold pieces at shops.

Inventory:

Hand Weapons
 a - the +11 quarterstaff of Matzi (weapon) {vamp, Stlth+}
   (You found it on level 6 of the Dungeon)

   It inflicts no extra harm, but heals its wielder when it wounds a living foe.
   It makes you more stealthy.
Missiles
 b - 170 stones (quivered)
Armour
 c - a +0 robe (worn)
 p - a +1 cloak (worn)
 D - a +0 pair of gloves (worn)
 F - the +3 hat of Pondering (worn) {ponderous, Will+ MP+10 Int+5}
   (You found it on level 6 of the Dungeon)

   It affects your intelligence (+5).
   It affects your willpower, your defense against some magical effects.
   It affects your magic capacity (+10).
 L - a +0 pair of boots (worn)
Jewellery
 A - an uncursed ring of flight {unknown}
 J - a cursed ring of teleportation {unknown}
 M - a +6 ring of intelligence {unknown}
 N - an uncursed ring of poison resistance {unknown}
 Q - an uncursed ring of protection from cold {unknown}
Wands
 r - a wand of iceblast (5)
 s - a wand of digging (9)
 w - a wand of flame (16)
 G - a wand of disintegration (15)
 I - a wand of enslavement (7)
Scrolls
 d - a scroll of blinking {unknown}
 e - 4 scrolls of enchant armour {unknown}
 f - 2 scrolls of random uselessness {unknown}
 g - 8 scrolls of identify {unknown}
 h - 4 scrolls of magic mapping {unknown}
 i - 5 scrolls of teleportation {unknown}
 n - 9 scrolls of remove curse {unknown}
 q - 5 scrolls of fog {unknown}
 t - 8 scrolls of amnesia {unknown}
 u - 3 scrolls of noise {unknown}
 v - 3 scrolls of enchant weapon {unknown}
 C - a scroll of vulnerability {unknown}
 E - 2 scrolls of immolation {unknown}
 K - a scroll of fear {unknown}
 O - a scroll of summoning {unknown}
Potions
 j - 4 potions of attraction {unknown}
 k - a potion of brilliance {unknown}
 l - 5 potions of curing {unknown}
 m - a potion of lignification {unknown}
 o - 2 potions of flight {unknown}
 x - 5 potions of heal wounds {unknown}
 z - 5 potions of haste {unknown}
 B - a potion of magic {unknown}
 H - a potion of degeneration {unknown}
 P - 2 potions of mutation {unknown}


   Skills:
 * Level 9.0 Staves
 + Level 6.7 Dodging
 - Level 2.1 Stealth
 + Level 7.5 Spellcasting
 - Level 0.7 Transmutations
 * Level 13.2 Earth Magic


You had 10 spell levels left.
You knew the following spells:

 Your Spells              Type           Power        Failure   Level
a - Sandblast             Erth           100%         1%          1
b - Passwall              Tmut/Erth      35%          1%          2
c - Stone Arrow           Conj/Erth      80%          1%          3
d - Petrify               Tmut/Erth      42%          3%          4
e - Lee's Rapid Deconstr  Erth           32%          1%          5

Your spell library contained the following spells:

 Spells                   Type           Power        Failure   Level
 Magic Dart               Conj           36%          7%          1
 Searing Ray              Conj           18%          11%         2
 Dazzling Flash           Conj/Hex       18%          21%         3
 Fulminant Prism          Conj/Hex       4%           56%         4
 Iskenderun's Mystic Bla  Conj/Tloc      9%           56%         4


Dungeon Overview and Level Annotations

Branches:
Dungeon (10/15)            Temple (1/1) D:7            Lair (0/6) D:10
    Orc: D:9-12

Altars:
Ashenzari
Cheibriados
Dithmenos
Elyvilon
Fedhas
Gozag
Hepliaklqana
Kikubaaqudgha
Makhleb
Nemelex Xobeh
Okawaru
Qazlal
Ru
Sif Muna
Trog
Uskayaw
Vehumet
Wu Jian
Xom
Yredelemnul
Zin
The Shining One

Shops:
D:5 }


Innate Abilities, Weirdness & Mutations

You are resistant to torment.
Your stone body is resilient. (AC +8)
You are immune to poison.
You resist negative energy. (rN+)
You are resistant to electric shocks. (rElec)
You can survive without breathing.
You are immune to petrification.
You are immune to miasma.


Message History

Something hits you but does no damage.
Unknown command.
Unknown command.
Aiming: Corrosive Bolt
Press: ? - help, Shift-Dir - straight line The now-empty wand crumbles to dust.
Something hits you but does no damage.
Unknown command.
Unknown command.
Aiming: Disintegrate
Press: ? - help, Shift-Dir - straight line Something is blasted.
Something hits you but does no damage.
Unknown command.
Unknown command.
Aiming: Iceblast
Press: ? - help, Shift-Dir - straight line The mass of ice explodes!
The iceblast engulfs something.
The iceblast engulfs you.
* * * LOW HITPOINT WARNING * * *
Something hits you!
You die...

..P.....#
#.########..###.##
......#.#
#.####(...........†....
......P.#
#......#############.##
.P......# ######.#
......P.# #.# ...P..♣.#
#.# >....P..# #.#
..P.....########{#####.#
...P.PP.........@.....#
†...P♣..########.####..#
.....♣..# ### ......#.#
......#.# ...#..#.#
####..#.# .††...#.#
.####)#


There were no monsters in sight!

Vanquished Creatures
  Gastronok (D:9)
  The ghost of oc3rt the Cutter, a novice PaBe of Trog (D:5)
  A necromancer (D:9)
  Pikel (D:4)
  The ghost of Zeld the Slicer, a novice SpBr (D:9)
  Maurice (D:8)
  2 trolls
  Grinder (D:4)
  5 wraiths (D:9)
  5 yaks (D:10)
  3 wyverns (D:10)
  Menkaure (D:7)
  3 water moccasins (D:10)
  A black bear (D:8)
  2 sky beasts
  An ice beast (D:9)
  3 orc warriors
  4 phantoms
  5 ogres
  2 centaurs
  3 big kobolds
  6 bullfrogs
  A scorpion (D:10)
  4 killer bees (D:8)
  4 wights (D:7)
  5 howler monkeys
  A quasit (D:9)
  A bullfrog zombie (D:6)
  A hound (D:9)
  A bullfrog skeleton (D:4)
  3 orc priests (D:8)
  Ijyb (D:5)
  Crazy Yiuf (D:4)
  Terence (D:3)
  5 iguanas
  4 orc wizards
  7 worker ants
  Natasha (thrice) (D:4)
  A polar bear simulacrum (D:9)
  6 yak simulacra (D:9)
  A worker ant zombie (D:9)
  A howler monkey skeleton (D:7)
  8 adders
  5 white imps
  3 ufetubi
  An ooze (D:2)
  An adder skeleton (D:8)
  2 worms
  A dart slug (D:3)
  7 leopard geckos
  19 orcs
  4 bats
  7 giant cockroaches
  8 hobgoblins
  16 jackals
  4 quokkas
  2 frilled lizards (D:2)
  11 goblins
  24 kobolds
  A leopard gecko zombie (D:5)
  3 quokka skeletons
  13 rats
  4 river rat simulacra (D:9)
249 creatures vanquished.

Vanquished Creatures (others)
  3 fungi
  11 plants
14 creatures vanquished.

Grand Total: 263 creatures vanquished

Notes
Turn   | Place    | Note
-------+----------+-------------------------------------------
     0 | D:1      | Zeld the Gargoyle Earth Elementalist began the quest for
                  | the Orb.
     0 | D:1      | Reached XP level 1. HP: 10/10 MP: 3/3
   398 | D:1      | Reached skill level 4 in Earth Magic
   398 | D:1      | Reached XP level 2. HP: 15/15 MP: 3/5
  1067 | D:2      | Learned a level 2 spell: Passwall
  1167 | D:2      | Found a broken altar of Ashenzari.
  1186 | D:2      | Reached XP level 3. HP: 19/19 MP: 3/6
  1190 | D:2      | Learned a level 3 spell: Stone Arrow
  1416 | D:2      | Found a stormy altar of Qazlal.
  1827 | D:2      | Reached XP level 4. HP: 15/24 MP: 0/7
  2061 | D:2      | Reached skill level 5 in Earth Magic
  2948 | D:3      | Reached XP level 5. HP: 28/28 MP: 7/9
  3202 | D:3      | Noticed Terence
  3259 | D:3      | Killed Terence
  3640 | D:4      | Reached skill level 6 in Earth Magic
  3714 | D:4      | Learned a level 4 spell: Petrify
  3751 | D:4      | Noticed Grinder
  3784 | D:4      | Killed Grinder
  3785 | D:4      | Reached XP level 6. HP: 27/32 MP: 4/11
  3847 | D:4      | Noticed Pikel
  3858 | D:4      | Killed Pikel
  3859 | D:4      | Reached skill level 8 in Earth Magic
  3859 | D:4      | Reached XP level 7. HP: 33/36 MP: 3/13
  3862 | D:4      | Reached XP level 8. HP: 38/41 MP: 1/14
  4000 | D:4      | Noticed Natasha
  4010 | D:4      | Killed Natasha
  4412 | D:4      | Noticed Natasha
  4416 | D:4      | Killed Natasha
  4487 | D:4      | Noticed Natasha
  4490 | D:4      | Killed Natasha
  4747 | D:4      | Found a runed translucent door.
  4748 | D:4      | Noticed Crazy Yiuf
  4753 | D:4      | Killed Crazy Yiuf
  4801 | D:5      | Entered Level 5 of the Dungeon
  4842 | D:5      | Found a runed translucent door.
  4859 | D:5      | Noticed Ijyb
  5263 | D:4      | Reached skill level 1 in Staves
  5263 | D:4      | Reached skill level 9 in Earth Magic
  5443 | D:5      | Killed Ijyb
  5589 | D:5      | Noticed oc3rt's ghost (novice PaBe)
  5596 | D:5      | Found Eliak's Gadget Shoppe.
  5691 | D:5      | Reached skill level 5 in Spellcasting
  5868 | D:5      | Bought a wand of acid (3) for 196 gold pieces
  6032 | D:5      | Found a runed translucent door.
  6334 | D:6      | Reached XP level 9. HP: 45/45 MP: 6/16
  6340 | D:6      | Learned a level 5 spell: Lee's Rapid Deconstruction
  6930 | D:5      | Found a runed translucent door.
  6958 | D:5      | Found Eliak's Gadget Shoppe.
  7161 | D:5      | Found a runed translucent door.
  7396 | D:6      | Reached skill level 10 in Earth Magic
  7558 | D:6      | Found the +3 hat of Pondering {ponderous, Will+ MP+10
                  | Int+5}
  7991 | D:6      | Got a crystal quarterstaff
  7992 | D:6      | Identified the +11 quarterstaff of Matzi {vamp, Stlth+}
                  | (You found it on level 6 of the Dungeon)
  8190 | D:7      | Noticed Menkaure
  8194 | D:7      | Killed Menkaure
  8435 | D:7      | Found a staircase to the Ecumenical Temple.
  8448 | Temple   | Entered the Ecumenical Temple
  8503 | Temple   | Became a worshipper of Sif Muna the Loreminder
  8656 | D:5      | Killed oc3rt's ghost
  8657 | D:5      | Reached skill level 5 in Dodging
  8915 | D:7      | Reached skill level 5 in Staves
  9204 | D:8      | Reached skill level 11 in Earth Magic
  9347 | D:8      | Reached XP level 10. HP: 50/50 MP: 17/19
  9348 | D:8      | Reached * piety under Sif Muna
  9525 | D:8      | Found a blossoming altar of Fedhas.
  9694 | D:8      | Identified the +10 long sword of Fuzydu {flame, +Inv rPois
                  | Dex-2}
  9694 | D:8      | Noticed Maurice
  9727 | D:8      | Killed Maurice
 10910 | D:9      | Noticed Gastronok
 10911 | D:9      | Found a runed translucent gate.
 10911 | D:9      | Found a runed translucent gate.
 11437 | D:9      | Killed Gastronok
 11438 | D:9      | Reached skill level 12 in Earth Magic
 11977 | D:9      | Reached XP level 11. HP: 49/54 MP: 19/21
 12257 | D:9      | Found a runed translucent gate.
 12259 | D:9      | Noticed Zeld's ghost (novice SpBr)
 12335 | D:9      | Noticed a necromancer
 12347 | D:9      | Killed a necromancer
 12773 | D:9      | Killed Zeld's ghost
 12775 | D:9      | Reached ** piety under Sif Muna
 12944 | D:10     | Entered Level 10 of the Dungeon
 13197 | D:10     | Found a staircase to the Lair.
 13212 | D:10     | Reached skill level 13 in Earth Magic
 13762 | D:10     | Slain by an unseen horror

Illustrated notes

Levels and vault maps discovered:
D:1:      minmay_arrival_four_circles, layout_basic, feat_on_display
D:2:      minmay_razor_zed, layout_loops_ring, nicolae_overflow_hidden_temple,
          nicolae_qazlal_general_emergency
D:3:      layout_loops_cross, uniq_terence
D:4:      layout_loops_ring, minivault_1, uniq_pikel, uniq_grinder,
          uniq_natasha, uniq_crazy_yiuf_cottage
D:5:      layout_rooms, serial_shops, shop, ebering_ghost_sewer_f, uniq_ijyb
D:6:      layout_cave_pools
D:7:      layout_rooms, minmay_temple_entry_large_hall, uniq_menkaure
D:8:      layout_gridville, fedhas_altar_3, uniq_maurice
D:9:      layout_roguey, gammafunk_ghost_spectres,
          hangedman_abyss_or_decor_lesser_grid, eino_house_with_fridge,
          uniq_gastronok
D:10:     layout_loops_ring, minmay_lair_entry_grove, the_bakery
Temple:   grunt_wide_crystal_templ

Skill      XL: |  1  2  3  4  5  6  7  8  9 10 11 |
---------------+----------------------------------+-----
Earth Magic    | 4 5 6 8 9 11 12 13 | 13.2
Dodging        | 2 3 4 5 6 |  6.7
Spellcasting   | 3 4 5 6 7 |  7.5
Staves         | 3 5 7 9 |  9.0
Stealth        | |  2.1
Transmutations | |  0.7

Action                   |  1- 3 |  4- 6 |  7- 9 | 10-12 || total
-------------------------+-------+-------+-------+-------++-------
Melee: Unarmed           |    25 |    40 |     8 |       ||    73
       Quarterstaff      |       |       |    50 |    43 ||    93
 Cast: Sandblast         |    55 |    72 |    58 |     4 ||   189
       Stone Arrow       |       |       |    96 |   113 ||   209
       Lee's Rapid Decon |       |       |     4 |    23 ||    27
       Petrify           |       |       |       |     3 ||     3
Evoke: Wand              |       |       |       |     5 ||     5
 Stab: Petrified         |       |       |       |     2 ||     2
Armor: Robe              |    13 |    18 |    62 |    51 ||   144
Dodge: Dodged            |    35 |    49 |   114 |    74 ||   272
